[Event "*** Titled Tuesday 3|2 Blitz"]
[Site "Chess.com"]
[Date "2016.05.03"]
[Round "7"]
[White "Boryboy"]
[Black "Tonychess32"]
[Result "0-1"]
[WhiteElo "2530"]
[BlackElo "2430"]
[TimeControl "180+2"]
[EndTime "18:26:38 PDT"]
[Termination "Tonychess32 won by resignation"]

1. d4 Nf6 2. Nf3 e6 3. g3 d5 4. Bg2 Be7 5. O-O O-O 6. c4 dxc4 7. Ne5 Nbd7 8. Nxc4 c5 9. dxc5 Nxc5 10. Nc3 Bd7 11.
Be3 Bc6 12. Qxd8 Rfxd8 13. Bxc6 bxc6 14. Na5 Rdc8 15. Rac1 Ncd7 16. Rfd1 Nb6 17. Bd4 h6 18. b3 Ba3 19. Rc2 Nfd5 20. Nxd5 cxd5 21. Nc6 Rc7 22.
Be5 Rcc8 23. Rd3 Nd7 24. Bd4 Bd6 25. Rdc3 Kh7 26. f4 a6 27. Kf2 f6 28. Na5 Rxc3 29. Rxc3 e5 30. Rc6 Ba3 31. Bc3 Nc5 32. Be1 Ne4+ 33.
Kf3 exf4 34. gxf4 g5 35. f5 h5 36. h3 Bb2 37. Nb7 Re8 38. Rxa6 Re5 39. Nd6 Nxd6 40. Rxd6 Rxf5+ 41. Kg2 Kg6 42. a4 d4 43. Bf2 Ba3 44.
Rc6 Rd5 45. Rc4 Bb2 46. b4 Bc3 47. b5 Rd7 48. Rc6 Kf5 49. Ra6 Ke5 50. a5 Kd5 51. Rxf6 d3 52. Rf5+ Ke4 53. Rxg5 d2 54. a6 d1=Q 55.
b6 Qxe2 56. b7 Qf3+ 57. Kh2 Qxf2+ 58. Rg2 Be5+ 0-1

[Event "*** Titled Tuesday 3|2 Blitz"]
[Site "Chess.com"]
[Date "2016.05.03"]
[Round "7"]
[White "Lying-Ted"]
[Black "dsanchez1973"]
[Result "1-0"]
[WhiteElo "2254"]
[BlackElo "2002"]
[TimeControl "180+2"]
[EndTime "18:26:39 PDT"]
[Termination "Lying-Ted won by resignation"]

1. d4 d5 2. Bf4 c5 3. e3 Nc6 4.
Nc3 e6 5. Nb5 e5 6. dxe5 Be6 7.
Nf3 Nh6 8. Be2 a6 9. Nd6+ Bxd6 10. exd6 Nf5 11. c4 d4 12. O-O O-O 13. exd4 Ncxd4 14. Nxd4 Nxd4 15. b3 Qf6 16. Bg3 Rad8 17. Bf3 b6 18.
Re1 Qg6 19. Be4 Bf5 20. Bxf5 Qxf5 21. Re5 Qf6 22. Rd5 Rd7 23. Be5 Qe6 24. Bxd4 cxd4 25.
Qxd4 Rfd8 26. Rd1 Qe2 27. Qd2 Qxd2 28. R1xd2 f6 29. g3 Kf7 30. b4 Ke6 31. c5 bxc5 32.
bxc5 Rc8 33. f4 Rc6 34. f5+ Kf7 35. Re2 g6 36. g4 Rc8 37. Kf2 Rc6 38. Kf3 g5 39.
Rb2 Rc8 40. Rb6 h5 41. h3 hxg4+ 42. hxg4 Rh8 43. c6 Rdd8 1-0

[Event "*** Titled Tuesday 3|2 Blitz"]
[Site "Chess.com"]
[Date "2016.05.03"]
[Round "7"]
[White "andryusha"]
[Black "Assasin14"]
[Result "0-1"]
[WhiteElo "2190"]
[BlackElo "2065"]
[TimeControl "180+2"]
[EndTime "18:26:42 PDT"]
[Termination "Assasin14 won by resignation"]

1. e4 c5 2. Nf3 d6 3. Bb5+ Nd7 4. d4 cxd4 5. Qxd4 a6 6. Bxd7+ Bxd7 7. Nc3 Nf6 8. e5 dxe5 9. Nxe5 Bf5 10. Qa4+ b5 11. Qf4 e6 12. Be3 Qc7 13. O-O-O Bd6 14. Rxd6 Qxd6 15. g4 Nxg4 16. Qf3 O-O 17. Nxg4 b4 18. Ne4 Qc7 19. Rg1 Rac8 20. c3 bxc3 21. Nxc3 Kh8 22. Bd4 Bg6 23. Ne5 Rcd8 24. Qf4 Qd6 25. Rd1 Qe7 26. Nc6 Qd6 27. Qxd6 Rxd6 28. Bc5 Rxd1+ 29. Kxd1 Rc8 30. Nb4 Rxc5 31. Nxa6 Ra5 32. Nb4 Bh5+ 33. Kd2 Rf5 34. Ke3 Rf3+ 35. Kd4 Rxf2 36. Nd3 Rxh2 37. a4 Rh4+ 38. Kc5 g5 39. Ne5 g4 40. Ne4 Bg6 41. Ng5 Rh5 0-1

[Event "*** Titled Tuesday 3|2 Blitz"]
[Site "Chess.com"]
[Date "2016.05.03"]
[Round "7"]
[White "viktorskliarov"]
[Black "PowerThinking2650"]
[Result "1-0"]
[WhiteElo "2423"]
[BlackElo "2172"]
[TimeControl "180+2"]
[EndTime "18:26:53 PDT"]
[Termination "viktorskliarov won by resignation"]

1. e4 e5 2. Nc3 Nf6 3. Bc4 Bc5 4. d3 d6 5. h3 Nc6 6. a3 Be6 7. Nd5 Bxd5 8. exd5 Ne7 9. Qf3 h6 10. Ne2 Qd7 11.
b4 Bb6 12. Ng3 c6 13. dxc6 bxc6 14. Be3 d5 15. Bb3 h5 16. O-O h4 17. Ne2 Qf5 18.
Qxf5 Nxf5 19. Bxb6 axb6 20. f4 e4 21. dxe4 Nxe4 22. b5 Nd2 23. Rfd1 Nxb3 24. cxb3 O-O-O 25. bxc6 d4 26. b4 Rhe8 27. Rd2 d3 28. Nc3 Nd4 29. Rad1 Nxc6 30. Rxd3 Re1+ 31. Rxe1 Rxd3 32. Rc1 Kb7 33. Kf2 Nd4 34. Rd1 Rxd1 35. Nxd1 Nc2 36. Ne3 Nxa3 37.
Kf3 Kc6 38. Kg4 Kb5 39. Nd5 Nc2 40. Kxh4 Nxb4 41. Ne3 Kc5 42. Kg5 Kd4 43. Nf5+ Kc3 44. Nxg7 Nd5 45. h4 b5 46. h5 b4 47. h6 b3 48. h7 b2 49. h8=Q b1=Q 50. Qc8+ Kd3 51.
Qf5+ 1-0

[Event "*** Titled Tuesday 3|2 Blitz"]
[Site "Chess.com"]
[Date "2016.05.03"]
[Round "7"]
[White "E-Shaposhnikov"]
[Black "ZEN-22"]
[Result "1-0"]
[WhiteElo "2495"]
[BlackElo "2407"]
[TimeControl "180+2"]
[EndTime "18:27:06 PDT"]
[Termination "E-Shaposhnikov won by resignation"]

1. Nf3 Nf6 2. c4 d6 3. Nc3 g6 4. d4 Bf5 5. Qb3 b6 6. g3 c5 7. Bg2 Nc6 8. Qa4 Bd7 9. Qd1 cxd4 10. Nxd4 Rc8 11. O-O Bg7 12. b3 O-O 13. Bb2 Nxd4 14. Qxd4 Bc6 15. Bxc6 Rxc6 16. Nd5 Re8 17. Rad1 Qc8 18.
Kg2 Rc5 19. e4 b5 20. Rc1 bxc4 21. Rxc4 Rxc4 22. bxc4 Qb7 23. Ba1 Kf8 24. Qd3 Rc8 25. Nxf6 Bxf6 26. Bxf6 exf6 27. Qxd6+ Kg7 28. Qd5 Qa6 29.
c5 Qa5 30. Rc1 Rd8 31. Qc4 Rd7 32. c6 Rc7 33. a4 a6 34. h4 h5 35. Rb1 f5 36.
Rb7 Qe5 37. Rxc7 Qxc7 38. Qd4+ Kg8 39. Qd7 Qe5 40. c7 Qxe4+ 41. Kh2 f4 42. c8=Q+ Kg7 43.
Qc3+ Kg8 44. Qd8+ 1-0

[Event "*** Titled Tuesday 3|2 Blitz"]
[Site "Chess.com"]
[Date "2016.05.03"]
[Round "7"]
[White "Newlight1"]
[Black "chesstatour"]
[Result "1-0"]
[WhiteElo "2252"]
[BlackElo "2025"]
[TimeControl "180+2"]
[EndTime "18:27:07 PDT"]
[Termination "Newlight1 won by resignation"]

1. e4 c6 2. d4 d5 3. e5 Bf5 4. h4 h5 5. c4 dxc4 6. Bxc4 e6 7. Nc3 Ne7 8. Nf3 Nd5 9. O-O Be7 10. Bg5 f6 11. Be3 Nd7 12. Nxd5 cxd5 13. Bd3 Be4 14. exf6 gxf6 15. Bf4 Rc8 16. Re1 f5 17. Bb5 Bxf3 18.
Qxf3 Kf7 19. Rxe6 Kxe6 20. Re1+ Kf7 21. Qxd5+ Ke8 22. Bg5 Rc7 23. Bxe7 Qxe7 24. Rxe7+ Kxe7 25. Bxd7 Rd8 26. Qxf5 Rcxd7 27. Qg5+ Ke6 28. Qg6+ Ke7 29. Qxh5 Rxd4 30. Qg5+ Ke6 31. f4 R4d5 32. f5+ Kf7 33. Qg6+ Kf8 34. f6 R8d7 35. Qh6+ Kg8 36. Qg6+ Kf8 37. h5 Rf7 38. h6 Rd6 39. h7 Rd1+ 40.
Kh2 Rxh7+ 41. Qxh7 1-0

[Event "*** Titled Tuesday 3|2 Blitz"]
[Site "Chess.com"]
[Date "2016.05.03"]
[Round "7"]
[White "platy3"]
[Black "exoticprincess"]
[Result "0-1"]
[WhiteElo "2647"]
[BlackElo "2829"]
[TimeControl "180+2"]
[EndTime "18:27:33 PDT"]
[Termination "exoticprincess won by resignation"]

1. e4 c6 2. d4 d5 3. Nc3 dxe4 4. Nxe4 Bf5 5. Ng3 Bg6 6. Nh3 e6 7. Nf4 Qc7 8. c3 Nf6 9. h4 Bd6 10. Qf3 Nbd7 11. h5 Bc2 12. Bd2 h6 13. Bd3 Bxd3 14. Nxd3 O-O 15. O-O-O a5 16. Ne4 Nxe4 17. Qxe4 Rae8 18.
f4 f5 19. Qf3 Nf6 20. Rhe1 a4 21.
Re2 Qf7 22. Rh1 a3 23. b3 Ne4 24. Nf2 Nf6 25. Nd3 Kh7 26. Kc2 Rc8 27. Rhe1 Rfe8 28. c4 Kg8 29. Rh1 Rcd8 30. Bc3 Bc7 31. Nc5 Bb6 32. Rhe1 Bxc5 33. dxc5 Nxh5 34. g4 Nf6 35. g5 Ng4 36. gxh6 gxh6 37. Rh1 Kh7 38. Rg2 Rg8 39.
Qh3 Rg6 40. Re2 Nf6 41. Qh4 Rdg8 42. b4 Ne4 43. Be5 Ng3 44. Rd2 Nxh1 45. Qxh1 Rg3 46. b5 Qe8 47. Qd1 Rg2 48. Kb3 Rxd2 49. Qxd2 cxb5 50.
Qd6 bxc4+ 51. Kxc4 Qa4+ 52. Kc3 Rg3+ 53. Kd2 Qb4+ 54.
Ke2 Qe4+ 55. Kd2 Rg2+ 56. Kc3 Rc2+ 0-1

[Event "*** Titled Tuesday 3|2 Blitz"]
[Site "Chess.com"]
[Date "2016.05.03"]
[Round "7"]
[White "GianmarcoVaR"]
[Black "vinceyoung15"]
[Result "1-0"]
[WhiteElo "2332"]
[BlackElo "2204"]
[TimeControl "180+2"]
[EndTime "18:27:57 PDT"]
[Termination "GianmarcoVaR won on time"]

1. d4 d5 2. Bf4 Nf6 3. e3 e6 4. Nd2 c5 5. c3 Bd7 6. Ngf3 Qb6 7. Qb3 Nh5 8. Qxb6 axb6 9. Bc7 b5 10. dxc5 Bxc5 11. Bxb8 Rxb8 12. a3 Nf6 13. Nd4 Bxd4 14. exd4 O-O 15. O-O-O e5 16. Nf3 Bg4 17. dxe5 Ne4 18.
Rxd5 Nxf2 19. Rg1 Rfd8 20. Rxd8+ Rxd8 21. Bxb5 Rd5 22. Rf1 Ne4 23. Bc4 Rc5 24. Bxf7+ Kxf7 25. Ng5+ Kg6 26. Nxe4 Rxe5 27. Ng3 h5 28. h3 Bd7 29. Rf2 Bc6 30. Ne2 Re3 31. Kd2 Re5 32. Nd4 Bd5 33. g4 h4 34. Rf5 Rxf5 35. Nxf5 Kg5 36. Ne3 Be4 37. Ke2 Kf4 38. Kf2 Bd3 39. Ng2+ Kg5 40.
a4 Bc2 41. a5 Ba4 42. b4 Bb5 43. Ne3 Kf4 44. c4 Bd7 45. b5 Ke4 46. b6 Bc6 47. Nf5 1-0

[Event "*** Titled Tuesday 3|2 Blitz"]
[Site "Chess.com"]
[Date "2016.05.03"]
[Round "7"]
[White "Penguininja"]
[Black "Zurability"]
[Result "1-0"]
[WhiteElo "2243"]
[BlackElo "2407"]
[TimeControl "180+2"]
[EndTime "18:28:25 PDT"]
[Termination "Penguininja won on time"]

1. d4 g6 2. c4 Bg7 3. Nf3 d6 4. Nc3 e5 5. Bg5 f6 6. Bc1 Nc6 7. e4 Nh6 8. h3 Nf7 9. Be3 O-O 10.
d5 Ne7 11. Nd2 f5 12. f4 exf4 13. Bxf4 g5 14. Be3 f4 15. Bf2 Ng6 16. Be2 Nfe5 17.
Nf3 Nxf3+ 18. gxf3 Kh8 19. Qc2 Be5 20. O-O-O h5 21. Rdg1 h4 22. Rg2 Kh7 23. Rhg1 Kh6 24. Bd3 Bxh3 25. Rh2 Bd7 26. Ne2 Qf6 27. Kb1 b6 28. Nc1 a5 29. Bf1 Rg8 30. Bh3 Bxh3 31. Rxh3 Kg7 32. Ne2 Kf7 33. Rd1 Qe7 34. Bd4 Qd7 35. Rdh1 Rh8 36. Bxe5 dxe5 37. c5 bxc5 38. Qxc5 Rhb8 39. Nc3 Rb6 40. R3h2 Rab8 41. Ka1 Kf6 42.
b3 Rb4 43. Qxa5 c6 44. dxc6 Qd4 45. Rc1 R8b5 46. Qa8 Rc5 47. Rhc2 Rb6 48. Kb1 Ne7 49. Qf8+ Ke6 50. Qh6+ Kf7 51. Qh7+ Kf6 52. Nd5+ Nxd5 53. Rxc5 Qd3+ 54. R5c2 Nc3+ 55. Kb2 Na4+ 56. Ka1 Qd4+ 57. Kb1 1-0

[Event "*** Titled Tuesday 3|2 Blitz"]
[Site "Chess.com"]
[Date "2016.05.03"]
[Round "7"]
[White "Zlatan56"]
[Black "Noukii"]
[Result "1-0"]
[WhiteElo "2608"]
[BlackElo "2693"]
[TimeControl "180+2"]
[EndTime "18:28:29 PDT"]
[Termination "Zlatan56 won by resignation"]

1. g3 d5 2. Bg2 c6 3. Nf3 Bg4 4. O-O e6 5. c4 Nf6 6. d3 Nbd7 7. cxd5 exd5 8. h3 Bxf3 9. Bxf3 Be7 10. Bg2 O-O 11.
e4 dxe4 12. dxe4 Nc5 13. Nc3 Qxd1 14. Rxd1 Rfd8 15. Be3 Nd3 16. Bf1 Nb4 17. Rxd8+ Bxd8 18. Rd1 Bb6 19. Bxb6 axb6 20. a3 Na6 21. e5 Ne8 22. Bxa6 bxa6 23. Rd7 Rc8 24. Na4 Rb8 25. f4 g6 26. Ra7 a5 27. Ra6 b5 28. Nc5 Rd8 29.
Rxa5 Rd1+ 30. Kf2 Rd2+ 31. Ke3 Rxb2 32. Ra8 Kf8 33. Ne4 Ke7 34. Ra7+ Ke6 35. Ng5+ Kd5 36. Rd7+ Kc5 37. Ne4+ Kb6 38. Rxf7 Nc7 39. Nd6 Rb3+ 40.
Kf2 Rxa3 41. g4 Ra2+ 42. Kg3 b4 43. Nc8+ Kb7 44. Nd6+ Kb6 45. Nc4+ Kc5 46. Rxc7 Kxc4 47. Rxc6+ Kb5 48. Rc8 Ra6 49. Rb8+ Rb6 50. Rd8 b3 51. Rd1 b2 52. f5 gxf5 53. gxf5 Kc5 54. Rb1 Rb4 55.
f6 Kd5 56. f7 Rb8 57. Rxb2 Kxe5 58. Rxb8 1-0

[Event "*** Titled Tuesday 3|2 Blitz"]
[Site "Chess.com"]
[Date "2016.05.03"]
[Round "7"]
[White "rookoco"]
[Black "jposthuma"]
[Result "1-0"]
[WhiteElo "2461"]
[BlackElo "2142"]
[TimeControl "180+2"]
[EndTime "18:28:38 PDT"]
[Termination "rookoco won by resignation"]

1. d4 Nf6 2. c4 c5 3. Nf3 cxd4 4. Nxd4 e5 5. Nb5 d5 6. cxd5 Bc5 7. e3 O-O 8. N5c3 e4 9. Be2 Bf5 10. g4 Bg6 11. g5 Nfd7 12. h4 Ne5 13. h5 Bf5 14.
Nd2 Qxg5 15. Ndxe4 Qg2 16. Ng3 Nbd7 17. Rh4 Qg1+ 18. Nf1 Be7 19. Rf4 Bh3 20. Ne4 f5 21.
Ng3 Bg5 22. Rb4 Rae8 23. d6 f4 24. Qd5+ Be6 25. Qh1 Qxh1 26. Nxh1 f3 27. Bb5 a6 28. Bxd7 Nd3+ 29. Kd2 Nxb4 30. Bxe8 Rxe8 31. Nh2 Bd5 32. Ng3 Rd8 33. a3 Nc6 34. Ke1 Rxd6 35. e4 Bxc1 36. Rxc1 Bb3 37. Nxf3 Rd3 38. Nd2 Be6 39. Ke2 Ne5 40.
Rc5 Bg4+ 41. Ke1 Nf3+ 42. Nxf3 Bxf3 43. Rc1 Rb3 44. Rc2 Rd3 45. Rd2 Rb3 46. e5 Kf7 47.
Nf5 g6 48. hxg6+ hxg6 49. e6+ Kf6 50. Nd4 Rb6 51. Nxf3 Rxe6+ 52. Kf1 Rb6 53. Kg2 Rb3 54. Kg3 a5 55. Kf4 Rb5 56. Nd4 Rd5 57. Ke4 Re5+ 58. Kd3 Rd5 59. Kc4 Rh5 60. f4 b6 61. b4 axb4 62.
axb4 Ke7 63. Re2+ Kd6 64. Re6+ Kc7 65. Rxg6 Rh4 66. f5 b5+ 67. Kc5 Rf4 68. Ne6+ Kd7 69. Nxf4 Ke7 70. Re6+ Kd7 71. Nd5 Kc8 72. Kc6 Kd8 73.
f6 1-0

[Event "*** Titled Tuesday 3|2 Blitz"]
[Site "Chess.com"]
[Date "2016.05.03"]
[Round "7"]
[White "oskariot"]
[Black "SabinaFoisor"]
[Result "1-0"]
[WhiteElo "2435"]
[BlackElo "2210"]
[TimeControl "180+2"]
[EndTime "18:29:09 PDT"]
[Termination "oskariot won on time"]

1. e4 e5 2. Nf3 Nc6 3. Bb5 a6 4. Ba4 Nf6 5. O-O Be7 6. Re1 b5 7. Bb3 d6 8. c3 O-O 9. d4 Bg4 10. d5 Na5 11. Bc2 Qc8 12. h3 Bd7 13. Nbd2 c6 14.
dxc6 Qxc6 15. Nf1 Nc4 16. Ng3 Rac8 17. b3 Nb6 18. Bd2 Rfe8 19. Rc1 h6 20. Bd3 Bf8 21. Nh4 d5 22. Qf3 Rcd8 23. Nhf5 Bxf5 24. Qxf5 g6 25. Qf3 Bg7 26. Rcd1 d4 27. cxd4 Rxd4 28. Be3 Rd6 29. Rc1 Qb7 30. Bc5 Rc6 31. h4 Nbd7 32. Be3 Rxc1 33. Rxc1 h5 34. Qd1 Bf8 35. Qc2 Ba3 36. Qc6 Qb8 37. Rc2 Re6 38. Qc8+ Kg7 39. Qxb8 Nxb8 40.
Bc5 Bxc5 41. Rxc5 Nc6 42. Ne2 Rd6 43. f3 Nd7 44. Rd5 Rxd5 45. exd5 Nb4 46. Bb1 Nxd5 47. Kf2 f5 48. Ke1 Kf6 49. Kd2 b4 50. Bd3 a5 51. Bc4 Nf4 52. Nxf4 exf4 53. Kd3 Ke5 54. Bf7 Nf8 55. Kc4 Kf6 56. Be8 Ne6 57. Bd7 Nf8 58.
Bc8 Ke5 59. Kb5 Kd4 60. Kxa5 Kc5 61. Ka4 Nh7 62. a3 bxa3 63. Kxa3 Nf6 64. Be6 Kd6 65. Bf7 1-0

[Event "*** Titled Tuesday 3|2 Blitz"]
[Site "Chess.com"]
[Date "2016.05.03"]
[Round "7"]
[White "asms9699"]
[Black "Kacparov"]
[Result "0-1"]
[WhiteElo "2362"]
[BlackElo "2572"]
[TimeControl "180+2"]
[EndTime "18:29:50 PDT"]
[Termination "Kacparov won by resignation"]

1. c4 g6 2. g3 Bg7 3. Bg2 Nf6 4. Nc3 O-O 5. Nf3 d5 6. cxd5 Nxd5 7. O-O Nb6 8. d3 e5 9. Be3 Nc6 10. Rc1 h6 11. Qd2 Kh7 12. Ne4 Nd4 13. Nc5 c6 14. b4 Nd5 15. a4 Nxe3 16. fxe3 Nf5 17. b5 cxb5 18. axb5 Nd6 19. Rb1 Qe7 20. Rfc1 Rd8 21. Qa2 b6 22. Na6 Be6 23. Qa3 Rac8 24. Rxc8 Rxc8 25.
Nd2 Qd8 26. Bc6 Nf5 27. Nf1 h5 28. Bf3 Bh6 29. Nb4 Nxe3 30. Nc6 Qf6 31. Qxa7 Nxf1 32. Rxf1 Be3+ 33. Kh1 Qg7 34. Bg2 f6 35. Qxg7+ Kxg7 36. Ra1 Rc7 37. Bf3 f5 38. Ra8 Kf6 39. Rf8+ Rf7 40.
Ra8 e4 41. dxe4 fxe4 42. Bxe4 Kg5 43. Bf3 Rd7 44. Ra1 Rd2 45. Kg2 Bc4 46. Ne5 Bxb5 47.
Rb1 Ba6 48. Rb3 Bc5 49. h4+ Kf6 50. Nd3 Bd4 51. Ra3 Bc4 52. Ra4 b5 53. Ra6+ Kg7 54.
Nf4 Bf7 55. Rd6 Bc3 56. Rb6 b4 57. Rb7 Kf8 58. Be4 Rd6 59. Kf3 b3 60. g4 hxg4+ 61. Kxg4 b2 62. Nd3 Rd4 63. Kf3 Ra4 64. Nxb2 Ra3 65.
Nd3 Bf6 66. Rb6 Kg7 67. Kg4 Ra4 68. Kf3 Bxh4 69. Nf4 Bd8 70. Rd6 Bc7 71. Rd7 Bxf4 72. Kxf4 Kf6 73. Rd6+ Be6 74. e3 g5+ 75. Kf3 Ke5 76. Rd4 g4+ 77. Kg3 Rxd4 78. exd4+ Kxe4 79. d5 Kxd5 80. Kf4 Kd4 81. Kg3 Ke4 82. Kg2 Kf4 83. Kf2 g3+ 84. Kg2 Kg4 85. Kg1 Kh3 86.
Kh1 g2+ 87. Kg1 Bf7 88. Kf2 Kh2 0-1

[Event "*** Titled Tuesday 3|2 Blitz"]
[Site "Chess.com"]
[Date "2016.05.03"]
[Round "7"]
[White "EltajSafarli"]
[Black "jcibarra"]
[Result "1/2-1/2"]
[WhiteElo "2726"]
[BlackElo "2606"]
[TimeControl "180+2"]
[EndTime "18:31:36 PDT"]
[Termination "Game drawn - insufficient material"]

1. e4 e5 2. Nf3 d6 3. d4 exd4 4. Nxd4 Nf6 5. Nc3 Be7 6. g3 d5 7.
e5 Ng4 8. e6 Nf6 9. exf7+ Kxf7 10. Bg2 c6 11. O-O Re8 12. h3 Na6 13. Re1 Bd6 14. Bg5 Rxe1+ 15. Qxe1 Nc7 16. Nce2 Bd7 17. c4 Qe7 18. Rd1 Re8 19. cxd5 Ncxd5 20. Bxd5+ cxd5 21. Qf1 h6 22. Bf4 Bc5 23. Nc3 Kg8 24. Nb3 Bb6 25.
Kh2 Bc6 26. Rd3 Qf7 27. Nd4 Ne4 28. Nce2 Bd7 29. Be3 Nc5 30. Rd1 Ne4 31. Qg2 a6 32. Nf4 Bc7 33. Rc1 Bb8 34. Nfe2 Bd6 35. Bf4 Bxf4 36.
Nxf4 Qf6 37. Rd1 Qe5 38. f3 Nd6 39. b3 Nf7 40. Qf2 g5 41. Nh5 Nd6 42. f4 gxf4 43. Nxf4 Ne4 44. Qf3 Kh7 45. Nde2 Bc6 46. Nd4 Bd7 47.
a4 Rg8 48. Nde2 Bc6 49. Qd3 Rg7 50. Rg1 Rf7 51. Qd4 Qf5 52. Rf1 Ng5 53. Qc3 Qe4 54. Nd4 Qe5 55. Qd3+ Ne4 56. Qe3 Rg7 57.
Rg1 Rf7 58. Rg2 a5 59. Nde2 Rg7 60. Qd4 Qf5 61. Qb2 Rd7 62. g4 Qf7 63. Qe5 Re7 64. Qd4 Rd7 65. Nh5 Qf8 66. Neg3 Rf7 67. Nf5 Bd7 68. Qxd5 Bxf5 69. gxf5 Qd6+ 70. Qxd6 Nxd6 71. f6 Ne4 72. Re2 Nxf6 73. Nxf6+ Rxf6 74. Re7+ Kg6 75. Rxb7 Rf3 76. Rb5 Rc3 77. h4 h5 78. Kg2 Kh6 79. Kf2 Rh3 80. Ke2 Kg6 81. Kd2 Rxh4 82. Rxa5 Rf4 83.
Ra8 h4 84. Rg8+ Kh5 85. Kc3 h3 86. b4 Kh4 87. a5 h2 88. Rh8+ Kg3 89. Rxh2 Kxh2 90.
a6 Rf3+ 91. Kc4 Kg3 92. b5 Ra3 93. Kc5 Kf4 94. b6 Ra5+ 95. Kc6 Rxa6 96. Kc7 Rxb6 97. Kxb6 1/2-1/2

[Event "*** Titled Tuesday 3|2 Blitz"]
[Site "Chess.com"]
[Date "2016.05.03"]
[Round "8"]
[White "jk13"]
[Black "Assasin14"]
[Result "1-0"]
[WhiteElo "2436"]
[BlackElo "2063"]
[TimeControl "180+2"]
[EndTime "18:34:31 PDT"]
[Termination "jk13 won by resignation"]

1. e4 c5 2. Nf3 d6 3. Bb5+ Nd7 4. O-O Nf6 5. Bd3 e6 6. c3 Be7 7. Bc2 O-O 8. d4 e5 9. dxe5 dxe5 10. Bg5 Qc7 11. Nbd2 b6 12. Qe2 a5 13. a4 Ba6 14. Bd3 Bxd3 15. Qxd3 Rfd8 16. Qe2 Nf8 17. Bxf6 Bxf6 18. Nc4 Ne6 19. g3 Ng5 20. Nxg5 Bxg5 21.
Rfd1 Bf6 22. Ne3 Bg5 23. Nd5 Qb7 24. Qb5 Rd6 25. h4 Bh6 26. Rd3 Rad8 27. Rad1 g6 28. Nf6+ Rxf6 29. Rxd8+ Kg7 30. Qe8 1-0

[Event "*** Titled Tuesday 3|2 Blitz"]
[Site "Chess.com"]
[Date "2016.05.03"]
[Round "8"]
[White "exoticprincess"]
[Black "Checky2015"]
[Result "1-0"]
[WhiteElo "2839"]
[BlackElo "2613"]
[TimeControl "180+2"]
[EndTime "18:36:05 PDT"]
[Termination "exoticprincess won by resignation"]

1. b3 d5 2. Bb2 Bf5 3. e3 e6 4. f4 Nf6 5. Nf3 Be7 6. Nc3 O-O 7.
h3 Ne4 8. Nxe4 Bxe4 9. d3 Bh4+ 10. Nxh4 Qxh4+ 11. Kd2 Bg6 12. Qg4 Qxg4 13. hxg4 Nd7 14.
g5 Rae8 15. g4 f6 16. gxf6 Nxf6 17. Be2 Nd7 18. Rag1 c6 19. Rh2 Rf7 20. b4 a6 21.
a4 c5 22. bxc5 Nxc5 23. a5 Rc8 24. Bd4 Rfc7 25. Bd1 Na4 26. c4 Nc5 27. cxd5 Bxd3 28. d6 1-0

[Event "*** Titled Tuesday 3|2 Blitz"]
[Site "Chess.com"]
[Date "2016.05.03"]
[Round "8"]
[White "AlexanderL"]
[Black "StellarChessPro"]
[Result "1-0"]
[WhiteElo "2579"]
[BlackElo "2294"]
[TimeControl "180+2"]
[EndTime "18:36:45 PDT"]
[Termination "AlexanderL won by resignation"]

1. d4 d5 2. Bf4 Nf6 3. e3 e6 4.
Nf3 Bd6 5. Bg3 Ne4 6. Nbd2 f5 7. Bh4 Be7 8. Bxe7 Qxe7 9. Bd3 Nd7 10. O-O O-O 11. c4 c6 12. Rb1 g5 13. Qe2 g4 14.
Ne1 Qh4 15. f3 Nxd2 16. Qxd2 g3 17. h3 Rf6 18. f4 Rh6 19. Nf3 Qh5 20. Rfc1 Qf7 21.
b4 b6 22. cxd5 cxd5 23. Rc7 Qe8 24. Rbc1 Nf6 25. Qe1 Rg6 26. Ne5 Rg7 27. Rxg7+ Kxg7 28. Qxg3+ Kh8 29. Rc7 Bd7 30. Qh4 Kg7 31. Qg5+ 1-0

[Event "*** Titled Tuesday 3|2 Blitz"]
[Site "Chess.com"]
[Date "2016.05.03"]
[Round "8"]
[White "Noukii"]
[Black "Newlight1"]
[Result "0-1"]
[WhiteElo "2678"]
[BlackElo "2267"]
[TimeControl "180+2"]
[EndTime "18:37:00 PDT"]
[Termination "Newlight1 won by resignation"]

1. d4 Nf6 2. c4 c5 3. d5 e6 4. Nc3 exd5 5. cxd5 d6 6. e4 g6 7.
Nf3 Bg7 8. Bg5 h6 9. Bh4 g5 10.
Bg3 Nh5 11. Bb5+ Bd7 12. Bxd6 Bxc3+ 13. bxc3 Bxb5 14. e5 Nf4 15. Rb1 Qa5 16. Qb3 a6 17. Kd2 c4 18. Qb2 Nxd5 19. Nd4 Nc6 20. Nxc6 Bxc6 21. Rhc1 Rd8 22. Ke1 f6 23. Qc2 Nf4 24.
Qf5 Rxd6 0-1

[Event "*** Titled Tuesday 3|2 Blitz"]
[Site "Chess.com"]
[Date "2016.05.03"]
[Round "8"]
[White "SabinaFoisor"]
[Black "chito89"]
[Result "0-1"]
[WhiteElo "2204"]
[BlackElo "2559"]
[TimeControl "180+2"]
[EndTime "18:37:23 PDT"]
[Termination "chito89 won by resignation"]

1. d4 c5 2. d5 g6 3. e4 Bg7 4.
Nc3 d6 5. Nf3 e6 6. Bb5+ Kf8 7.
dxe6 Bxe6 8. Bf4 Ke7 9. Nd5+ Kf8 10. c3 Nc6 11. O-O Ne5 12. Nxe5 dxe5 13. Be3 b6 14. b4 cxb4 15. cxb4 Nf6 16. Nxf6 Bxf6 17. Qf3 Kg7 18.
Rfd1 Qe7 19. a3 h5 20. h3 Rhd8 21. Rac1 Bg5 22. Bxg5 Qxg5 23. Bf1 Rac8 24. Rxc8 Rxc8 25. Qd3 a5 26. bxa5 bxa5 27. Qa6 Rc2 28. Qxa5 Bxh3 29.
Qe1 h4 30. Rd3 Bxg2 31. Bxg2 Rc1 32. Rd1 h3 0-1

[Event "*** Titled Tuesday 3|2 Blitz"]
[Site "Chess.com"]
[Date "2016.05.03"]
[Round "8"]
[White "platy3"]
[Black "attack2mateU"]
[Result "0-1"]
[WhiteElo "2635"]
[BlackElo "2499"]
[TimeControl "180+2"]
[EndTime "18:37:32 PDT"]
[Termination "attack2mateU won by resignation"]

1. e4 c5 2. Nf3 d6 3. d4 cxd4 4.
Nxd4 Nf6 5. Nc3 a6 6. h3 e6 7.
g4 d5 8. exd5 Nxd5 9. Nde2 Nc6 10. Bg2 h5 11. g5 Bd6 12. Nxd5 exd5 13. Qxd5 O-O 14. O-O Bxh3 15. Bf4 Bxg2 16. Kxg2 Bxf4 17. Nxf4 Qxd5+ 18. Nxd5 Rad8 19. Rad1 Rfe8 20. f4 Re2+ 21. Kf3 Rxc2 22. Ne7+ Kf8 23. Rxd8+ Nxd8 24. Nf5 g6 25. Ne3 Rxb2 26. f5 gxf5 27. Nxf5 Ne6 28. Rc1 Nxg5+ 29.
Kf4 f6 30. Rc8+ Kf7 31. Rc7+ Ke6 32. Ng7+ Kd6 33. Ne8+ Ke6 34. Ng7+ Kd5 35. Nxh5 Ne6+ 0-1

[Event "*** Titled Tuesday 3|2 Blitz"]
[Site "Chess.com"]
[Date "2016.05.03"]
[Round "8"]
[White "TheCount"]
[Black "oskariot"]
[Result "0-1"]
[WhiteElo "2530"]
[BlackElo "2445"]
[TimeControl "180+2"]
[EndTime "18:37:53 PDT"]
[Termination "oskariot won by resignation"]

1. d4 Nf6 2. c4 c5 3. d5 b5 4. cxb5 a6 5. bxa6 g6 6. Nc3 Bxa6 7. e4 Bxf1 8. Kxf1 d6 9. Nf3 Bg7 10. g3 O-O 11. Kg2 Nbd7 12. a4 Qa5 13. Qc2 Rfb8 14. Ra3 Qb4 15. Re1 Ng4 16. Nb5 Nge5 17. Nxe5 Nxe5 18. Bd2 Qc4 19. Rc1 Qxc2 20. Rxc2 Rb7 21.
f4 Nd7 22. b4 Rxb5 23. axb5 Rxa3 24. b6 Nxb6 25. bxc5 dxc5 0-1

[Event "*** Titled Tuesday 3|2 Blitz"]
[Site "Chess.com"]
[Date "2016.05.03"]
[Round "8"]
[White "vinceyoung15"]
[Black "dsanchez1973"]
[Result "1-0"]
[WhiteElo "2208"]
[BlackElo "1998"]
[TimeControl "180+2"]
[EndTime "18:38:04 PDT"]
[Termination "vinceyoung15 won by resignation"]

1. e4 e6 2. d4 d5 3. e5 c5 4. c3 Nc6 5. Nf3 Qb6 6. a3 Bd7 7. b4 cxb4 8. cxb4 Nge7 9. Bb2 Nf5 10. Bd3 g6 11. Bxf5 gxf5 12. Nc3 Rc8 13. Rc1 Bh6 14.
Rc2 Rg8 15. g3 Nxb4 16. axb4 Qxb4 17. O-O a5 18. Bc1 Rxc3 19. Bxh6 Ba4 20. Rxc3 Bxd1 21. Rc8+ Kd7 22. Rxg8 Bxf3 23. Rg7 Qxd4 24. Rxf7+ Kc6 25. Rc1+ Kb5 26. Rxb7+ Ka4 27. Bf4 Ka3 28. Bd2 Qxd2 29. Ra1+ Qa2 30. Rxa2+ Kxa2 31. Ra7 Kb3 32. Rxa5 Kc3 33.
Ra3+ 1-0

[Event "*** Titled Tuesday 3|2 Blitz"]
[Site "Chess.com"]
[Date "2016.05.03"]
[Round "8"]
[White "Kawhi_Leonard2"]
[Black "SidArun"]
[Result "0-1"]
[WhiteElo "2109"]
[BlackElo "2014"]
[TimeControl "180+2"]
[EndTime "18:38:09 PDT"]
[Termination "SidArun won by resignation"]

1. e4 c6 2. d4 d5 3. exd5 cxd5 4. Bd3 Nc6 5. c3 Qc7 6. Nd2 Nf6 7. h3 e5 8. dxe5 Nxe5 9. Be2 Bd6 10. Ngf3 O-O 11.
O-O Ng6 12. Nb3 Re8 13. Bg5 Ne4 14. Qxd5 Nxg5 15. Nxg5 Rxe2 16. Rad1 h6 17. Nxf7 Qxf7 18. Qxd6 Bf5 19. Rd2 Rxd2 20. Nxd2 Re8 21. Nf3 Bxh3 22. gxh3 Qxf3 23. Qxg6 Re5 24. Kh2 Rg5 0-1